Map: Lightshade LE

Players

Haxesa

  • Race: Zerg Zerg
  • League: Silver
  • Spawn Location: 11:00

nar - Winner!

  • Race: Terran Terran
  • Spawn Location: 5:00

VOD

Have the link to the VOD?

Description

Time

  • Played on: March 15, 2021, 11:11 a.m.
  • Length: 12:44
Show
View Real Time Build Order
Export as new Build Order

Haxesa Zerg 

Build Orders: Pool First 

Get SALT Encoding   

  12  0:03  Drone  
  13  0:13  Overlord  
  13  0:16  Drone  
  14  0:23  Extractor  
  13  0:32  Drone x2  
  15  0:46  Spawning Pool  
  14  0:50  Drone  
  14  0:54  Drone  
  16  1:15  Drone x2  
  18  1:44  Zergling x4  
  18  1:45  Zergling x2  
  18  1:46  Metabolic Boost  
  21  1:53  Hatchery  
  19  1:59  Overlord  
  19  2:13  Zergling x2  
  20  2:22  Zergling x2  
  21  2:29  Queen  
  23  2:33  Drone  
  24  2:51  Zergling x4  
  26  3:04  Evolution Chamber  
  25  3:08  Evolution Chamber  
  21  3:25  Zergling x4  
  21  3:26  Zergling x2  
  22  3:41  Drone x2  
  22  3:42  Drone  
  25  3:49  Lair  
  25  3:58  Zerg Ground Armor Level 1  
  23  4:11  Drone x2  
  25  4:17  Zerg Missile Weapons Level 1  
  25  4:23  Drone x4  
  29  4:26  Extractor  
  29  4:30  Extractor  
  27  4:33  Extractor  
  26  4:38  Drone x3  
  26  4:40  Drone  
  26  4:41  Drone x2  
  32  5:00  Drone  
  32  5:01  Drone x2  
  35  5:17  Spire  
  34  5:27  Drone  
  28  5:57  Zergling x10  
  7  6:26  Drone  
  7  6:27  Drone x2  
  7  6:29  Drone x3  
  13  6:51  Drone x2  
  15  6:54  Drone x2  
  17  7:22  Zerg Flyer Weapons Level 1  
  17  7:26  Drone  
  17  7:27  Drone  
  17  7:38  Drone  
  18  7:56  Drone  
  18  7:57  Drone x2  
  21  8:23  Drone  
  21  8:24  Drone x6  
  28  8:27  Drone  
  28  8:31  Drone  
  30  8:46  Drone x3  
  33  9:00  Mutalisk  
  35  9:06  Overlord  
  35  9:07  Overlord x2  
  35  9:16  Zerg Flyer Armor Level 1  
  35  9:34  Mutalisk x5  
  45  9:43  Drone x3  
  48  10:06  Drone x2  
  34  10:55  Spine Crawler  
  33  10:57  Spine Crawler  
  33  11:01  Spine Crawler  
  33  11:03  Spine Crawler  
  11  11:21  Hatchery  
  10  11:40  Hatchery  
  9  11:49  Drone x5  
Show
View Real Time Build Order
Export as new Build Order

nar Terran - Winner!

Build Orders:  

Get SALT Encoding   

  12  0:01  SCV  
  13  0:13  SCV  
  14  0:22  Supply Depot  
  14  0:25  SCV  
  15  0:31  Refinery  
  15  0:44  SCV  
  16  0:50  Barracks  
  16  0:56  SCV  
  17  1:09  SCV  
  18  1:21  SCV  
  19  1:33  SCV  
  19  1:35  Refinery  
  19  1:37  Marine  
  21  1:45  SCV  
  22  1:51  Supply Depot  
  22  1:57  SCV  
  22  2:00  Factory  
  23  2:13  Marine  
  24  2:23  Supply Depot  
  24  2:31  Marine  
  24  2:34  SCV  
  26  2:51  Starport  
  26  2:56  Factory Tech Lab  
  26  2:59  Barracks Reactor  
  26  3:06  Orbital Command  
  26  3:10  Engineering Bay  
  26  3:17  Hellion  
  28  3:29  Medivac  
  30  3:36  Command Center  
  30  3:38  Hellion  
  32  3:44  Marine  
  33  3:49  Infernal Pre-Igniter  
  33  3:54  Marine  
  34  4:01  Hellion  
  38  4:23  Supply Depot  
  38  4:27  Hellion  
  38  4:34  Terran Infantry Weapons Level 1  
  38  4:35  Supply Depot  
  38  4:44  Liberator  
  38  4:45  Missile Turret  
  41  5:07  Orbital Command  
  41  5:13  Missile Turret  
  41  5:20  Siege Tank  
  44  5:23  Marine  
  44  5:42  Marine x2  
  42  6:00  Marine x2  
  42  6:18  Marine  
  39  6:28  Hi-Sec Auto Tracking  
  39  6:36  Hellion  
  41  6:41  Orbital Command  
  41  6:50  Missile Turret  
  41  6:56  Starport Tech Lab  
  41  6:58  Hellion  
  43  7:10  Armory  
  43  7:11  Marine x2  
  45  7:19  Hellion  
  45  7:21  SCV  
  48  7:29  Marine x2  
  50  7:33  SCV, Terran Infantry Armor Level 1  
  51  7:41  Hellion, Missile Turret  
  53  7:45  SCV  
  53  7:47  Marine x2  
  56  7:56  Medivac  
  56  7:57  SCV  
  59  7:59  Corvid Reactor  
  59  8:02  Hellion  
  59  8:05  Marine x2  
  63  8:07  Terran Vehicle Weapons Level 1  
  63  8:14  Refinery, SCV  
  64  8:22  Hellion  
  64  8:23  Hellion  
  64  8:25  Raven  
  64  8:26  Marine, SCV  
  70  8:37  Supply Depot  
  70  8:58  Marine x2, SCV  
  73  9:10  SCV  
  73  9:16  Marine x2  
  76  9:22  SCV  
  77  9:27  Neosteel Armor  
  77  9:34  Marine  
  78  9:46  Supply Depot  
  78  10:03  Barracks  
  78  10:07  Thor, Marine  
  78  10:08  SCV  
  86  10:20  SCV  
  83  11:28  Marine x2  
  85  11:35  Refinery  
  85  11:46  Marine  
Tags
 
League
Silver
Matchup
TvZ
Opening
Pool First
Spawn Locations
Cross Positions
Add a new tag
Caveats
  • Supply blocks, unpowered buildings, or Contaminate may cause inaccurate times.
  • Supply counts are checked every 10 seconds.